TOP OF THE 1ST |
Bellevue Bruins batting - Pitching for Hogsmeade Cauldrons : RHP Jung-min Ch'oe
|
Pitching: RHP Jung-min Ch'oe
|
|
Batting: LHB Jorge Corella
|
0-0: Called Strike 0-1: Ball 1-1: Foul Ball, location: 2F 1-2: Ball 2-2: Ball 3-2: Fly out, F8 (Flyball, 8LD)
|
Batting: RHB Shirai Yoshida
|
0-0: Ball 1-0: Fly out, F7 (Line Drive, 7)
|
Batting: RHB Oki Hai
|
0-0: Foul Ball, location: 2F 0-1: Ball 1-1: SINGLE (Groundball, 56D)
|
Batting: RHB Gil Andersen
|
0-0: Called Strike 0-1: Swinging Strike 0-2: Ball 1-2: Ball 2-2: Ball 3-2: Foul Ball, location: 2F 3-2: Base on Balls Oki Hai to second
|
Batting: SHB Jin-yong Ch'oe
|
0-0: SINGLE (Groundball, 3D) Oki Hai to third Gil Andersen to second Runner from 3rd tries for Home, SAFE, no throw
|
Batting: LHB Juan Carlos Vázquez
|
0-0: Ball 1-0: Foul Ball, location: 2F 1-1: Ball 2-1: Ball 3-1: Swinging Strike 3-2: Strikes out swinging
|
Top of the 1st over - 1 run, 2 hits, 0 errors, 2 left on base; Bellevue 1 - Hogsmeade 0 |
BOTTOM OF THE 1ST |
Hogsmeade Cauldrons batting - Pitching for Bellevue Bruins : RHP Thie Calkhoven
|
Pitching: RHP Thie Calkhoven
|
|
Batting: LHB Bartolo Trejo
|
0-0: Ball 1-0: Ball 2-0: Called Strike 2-1: Ball 3-1: Base on Balls
|
Batting: RHB Diederick Tuiters
|
0-0: Ball 1-0: Ball 2-0: Called Strike 2-1: Ball 3-1: Foul Ball, location: 2F 3-2: Foul Ball, location: 2F 3-2: Fly out, F9 (Flyball, 9)
|
Batting: SHB Max Bortenschlager
|
0-0: Ball 1-0: DOUBLE (Line Drive, 89D) Bartolo Trejo to third
|
Batting: LHB Ewan Manshert
|
0-0: Foul Ball, location: 2F 0-1: Ground out U3 (Groundball, 34) Bartolo Trejo scores Max Bortenschlager to third
|
Batting: RHB Graeme Dormer
|
0-0: Called Strike 0-1: SINGLE (Line Drive, 6MD) Max Bortenschlager scores
|
Batting: RHB Pablo Álvarez
|
0-0: Ball 1-0: Ball 2-0: Ball 3-0: Called Strike 3-1: DOUBLE (Groundball, 5L) Graeme Dormer to third Runner from 3rd tries for Home, SAFE, no throw
|
Batting: RHB Pablo Ortíz
|
0-0: Ball 1-0: Ball 2-0: Ball 3-0: Base on Balls
|
Batting: RHB Jimmy Robinson
|
0-0: Ball 1-0: Foul Ball, location: 2F 1-1: Ground out 1-3 (Groundball, P)
|
Bottom of the 1st over - 3 runs, 3 hits, 0 errors, 2 left on base; Bellevue 1 - Hogsmeade 3 |
TOP OF THE 2ND |
Bellevue Bruins batting - Pitching for Hogsmeade Cauldrons : RHP Jung-min Ch'oe
|
Batting: SHB José Tirado
|
0-0: Fly out, F8 (Flyball, 78XD)
|
Batting: RHB Chris Gordon
|
0-0: Ball 1-0: Called Strike 1-1: Ball 2-1: Called Strike 2-2: Ball 3-2: Foul Ball, location: 2F 3-2: Base on Balls
|
Batting: RHB Cody Riddle
|
0-0: Called Strike 0-1: Ball 1-1: Foul Ball, location: 2F 1-2: Ball 2-2: Ball 3-2: Foul Ball, location: 2F 3-2: Ground out 6-3 (Groundball, 56) Chris Gordon to second
|
Batting: LHB Jorge Corella
|
0-0: Ball Passed Ball! Chris Gordon to third 1-0: Ball 2-0: Foul Ball, location: 2F 2-1: Swinging Strike 2-2: Ball 3-2: Foul Ball, location: 2F 3-2: Foul Ball, location: 2F 3-2: Foul Ball, location: 2F 3-2: Base on Balls
|
Batting: RHB Shirai Yoshida
|
0-0: Called Strike 0-1: Ball 1-1: SINGLE (Line Drive, 4D) Chris Gordon scores Jorge Corella to second
|
Batting: RHB Oki Hai
|
0-0: DOUBLE (Flyball, 89D) Jorge Corella scores Shirai Yoshida to third
|
Batting: RHB Gil Andersen
|
0-0: Swinging Strike 0-1: Ball 1-1: Ball 2-1: SINGLE (Line Drive, 4D) Shirai Yoshida scores Oki Hai to third Runner from 3rd tries for Home, SAFE, no throw
|
Batting: SHB Jin-yong Ch'oe
|
0-0: Swinging Strike 0-1: Fly out, F6 (Flyball, 6D)
|
Top of the 2nd over - 4 runs, 3 hits, 0 errors, 1 left on base; Bellevue 5 - Hogsmeade 3 |
BOTTOM OF THE 2ND |
Hogsmeade Cauldrons batting - Pitching for Bellevue Bruins : RHP Thie Calkhoven
|
Batting: RHB Héctor Dávila
|
0-0: Ball 1-0: Foul Ball, location: 2F 1-1: Ball 2-1: Called Strike 2-2: Strikes out looking
|
Batting: LHB Bartolo Trejo
|
0-0: Called Strike 0-1: Foul Ball, location: 2F 0-2: SOLO HOME RUN (Flyball, 9D), Distance : 407 ft
|
Batting: RHB Diederick Tuiters
|
0-0: Foul Ball, location: 2F 0-1: Ground out 5-3 (Groundball, 56)
|
Batting: SHB Max Bortenschlager
|
0-0: DOUBLE (Line Drive, 78D)
|
Batting: LHB Ewan Manshert
|
0-0: Called Strike 0-1: Called Strike 0-2: Ball 1-2: Foul Ball, location: 2F 1-2: DOUBLE (Line Drive, 89D) Max Bortenschlager scores
|
Batting: RHB Graeme Dormer
|
0-0: Fly out, F8 (Flyball, 8RS)
|
Bottom of the 2nd over - 2 runs, 3 hits, 0 errors, 1 left on base; Bellevue 5 - Hogsmeade 5 |
TOP OF THE 3RD |
Bellevue Bruins batting - Pitching for Hogsmeade Cauldrons : RHP Jung-min Ch'oe
|
Batting: LHB Juan Carlos Vázquez
|
0-0: Called Strike 0-1: Ball 1-1: Foul Ball, location: 2F 1-2: Foul Ball, location: 2F 1-2: SINGLE (Line Drive, 78S)
|
Batting: SHB José Tirado
|
0-0: Fly out, F4 (Popup, 4)
|
Batting: RHB Chris Gordon
|
0-0: Ball 1-0: Ball 2-0: Ball 3-0: Called Strike 3-1: Fielders Choice at 2nd, 4-6 (Groundball, 4MD)
|
Batting: RHB Cody Riddle
|
0-0: Ball 1-0: Ball Wild Pitch! Chris Gordon to second 2-0: Ball 3-0: Called Strike 3-1: Swinging Strike 3-2: Foul Ball, location: 2F 3-2: Strikes out swinging, 2-3 out at first.
|
Top of the 3rd over - 0 runs, 1 hit, 0 errors, 1 left on base; Bellevue 5 - Hogsmeade 5 |
BOTTOM OF THE 3RD |
Hogsmeade Cauldrons batting - Pitching for Bellevue Bruins : RHP Thie Calkhoven
|
Batting: RHB Pablo Álvarez
|
0-0: Foul Ball, location: 2F 0-1: Ball 1-1: Fly out, F8 (Flyball, 8LD)
|
Batting: RHB Pablo Ortíz
|
0-0: Ball 1-0: SINGLE (Groundball, 56D)
|
Batting: RHB Jimmy Robinson
|
0-0: Fly out, F7 (Flyball, 7LSF)
|
Batting: RHB Héctor Dávila
|
0-0: Ball 1-0: Ball 2-0: Ball 3-0: Called Strike 3-1: DOUBLE (Groundball, 5L) Pablo Ortíz to third Runner from 3rd tries for Home, SAFE, no throw
|
Batting: LHB Bartolo Trejo
|
0-0: Foul Ball, location: 2F 0-1: Ball 1-1: Ball 2-1: Swinging Strike 2-2: Ground out U3 (Groundball, 34)
|
Bottom of the 3rd over - 1 run, 2 hits, 0 errors, 1 left on base; Bellevue 5 - Hogsmeade 6 |
TOP OF THE 4TH |
Bellevue Bruins batting - Pitching for Hogsmeade Cauldrons : RHP Jung-min Ch'oe
|
Batting: LHB Jorge Corella
|
0-0: Ball 1-0: Ball 2-0: Called Strike 2-1: Foul Ball, location: 2F 2-2: Foul Ball, location: 2F 2-2: Ball 3-2: Base on Balls
|
Batting: RHB Shirai Yoshida
|
0-0: Ball 1-0: Swinging Strike 1-1: Ball 2-1: SINGLE (Line Drive, 89S) Jorge Corella to second
|
Batting: RHB Oki Hai
|
0-0: Ball Jorge Corella steals 3rd base 1-0: Ball 2-0: Called Strike 2-1: Called Strike 2-2: Strikes out swinging
|
Batting: RHB Gil Andersen
|
0-0: Ball 1-0: Ball 2-0: Foul Ball, location: 2F 2-1: Called Strike Shirai Yoshida steals 2nd base 2-2: Ball 3-2: Foul Ball, location: 2F 3-2: Foul Ball, location: 2F 3-2: DOUBLE (Flyball, 8RXD) Jorge Corella scores Shirai Yoshida scores
|
Batting: SHB Jin-yong Ch'oe
|
0-0: Swinging Strike 0-1: Called Strike 0-2: Ball 1-2: Ball 2-2: Foul Ball, location: 2F 2-2: Strikes out swinging
|
Pitching: LHP Chet Ball
|
|
Batting: LHB Juan Carlos Vázquez
|
0-0: Ball 1-0: Ball 2-0: Ball 3-0: Called Strike 3-1: Called Strike 3-2: Base on Balls
|
Batting: SHB José Tirado
|
0-0: Foul Ball, location: 2F 0-1: Foul Ball, location: 2F 0-2: Ball 1-2: Foul Ball, location: 2F 1-2: Fly out, F4 (Popup, 4S)
|
Top of the 4th over - 2 runs, 2 hits, 0 errors, 2 left on base; Bellevue 7 - Hogsmeade 6 |
BOTTOM OF THE 4TH |
Hogsmeade Cauldrons batting - Pitching for Bellevue Bruins : RHP Thie Calkhoven
|
Batting: RHB Diederick Tuiters
|
0-0: Ball 1-0: SINGLE (Flyball, 8LS)
|
Batting: SHB Max Bortenschlager
|
0-0: Called Strike 0-1: DOUBLE (Flyball, 8RD) Diederick Tuiters to third Runner from 3rd tries for Home, SAFE, no throw
|
Pitching: RHP Luis Núñez
|
|
Batting: LHB Ewan Manshert
|
Balk! Max Bortenschlager to third 0-0: Ball 1-0: Foul Ball, location: 2F 1-1: Ball 2-1: Ball 3-1: Foul Ball, location: 2F 3-2: Foul Ball, location: 2F 3-2: Fly out, F7 (Flyball, 7) Runner from 3rd tags up, SCORES, throw made
|
Batting: RHB Graeme Dormer
|
0-0: Ball 1-0: Called Strike 1-1: Ball 2-1: Ball 3-1: Fly out, F8 (Flyball, 89D)
|
Batting: RHB Pablo Álvarez
|
0-0: Ball 1-0: Ball 2-0: SINGLE (Groundball, 4MD)
|
Batting: RHB Pablo Ortíz
|
0-0: Ball 1-0: Ball 2-0: Ball 3-0: Called Strike 3-1: Base on Balls Pablo Álvarez to second
|
Batting: RHB Jimmy Robinson
|
0-0: Called Strike 0-1: Fielders Choice at 2nd, 6-4 (Groundball, 6)
|
Bottom of the 4th over - 2 runs, 3 hits, 0 errors, 2 left on base; Bellevue 7 - Hogsmeade 8 |
TOP OF THE 5TH |
Bellevue Bruins batting - Pitching for Hogsmeade Cauldrons : LHP Chet Ball
|
Batting: RHB Chris Gordon
|
0-0: Ball 1-0: Swinging Strike 1-1: Swinging Strike 1-2: Strikes out looking
|
Batting: RHB Cody Riddle
|
0-0: Called Strike 0-1: Ball 1-1: Swinging Strike 1-2: DOUBLE (Line Drive, 9LS) - OUT at third base trying to stretch hit.
|
Batting: LHB Jorge Corella
|
0-0: Called Strike 0-1: Foul Ball, location: 2F 0-2: Ball 1-2: Strikes out swinging
|
Top of the 5th over - 0 runs, 1 hit, 0 errors, 0 left on base; Bellevue 7 - Hogsmeade 8 |
BOTTOM OF THE 5TH |
Hogsmeade Cauldrons batting - Pitching for Bellevue Bruins : RHP Luis Núñez
|
Batting: RHB Héctor Dávila
|
0-0: Called Strike 0-1: Ground out 5-3 (Groundball, 56)
|
Batting: LHB Bartolo Trejo
|
0-0: Ground out 5-3 (Groundball, 5S)
|
Batting: RHB Diederick Tuiters
|
0-0: Called Strike 0-1: DOUBLE (Flyball, 89D)
|
Batting: SHB Max Bortenschlager
|
0-0: Called Strike 0-1: Ball 1-1: Ball 2-1: Swinging Strike 2-2: Strikes out looking
|
Bottom of the 5th over - 0 runs, 1 hit, 0 errors, 1 left on base; Bellevue 7 - Hogsmeade 8 |
TOP OF THE 6TH |
Bellevue Bruins batting - Pitching for Hogsmeade Cauldrons : LHP Chet Ball
|
Batting: RHB Shirai Yoshida
|
0-0: Swinging Strike 0-1: Ball 1-1: Fly out, F6 (Popup, P)
|
Batting: RHB Oki Hai
|
0-0: Called Strike 0-1: Ground out 3-1 (Groundball, 34)
|
Batting: RHB Gil Andersen
|
0-0: Ball 1-0: Foul Ball, location: 2F 1-1: Foul Ball, location: 2F 1-2: Strikes out swinging
|
Top of the 6th over - 0 runs, 0 hits, 0 errors, 0 left on base; Bellevue 7 - Hogsmeade 8 |
BOTTOM OF THE 6TH |
Hogsmeade Cauldrons batting - Pitching for Bellevue Bruins : RHP Luis Núñez
|
Batting: LHB Ewan Manshert
|
0-0: Ball 1-0: Foul Ball, location: 2F 1-1: Ball 2-1: SINGLE (Flyball, 89S)
|
Batting: RHB Graeme Dormer
|
0-0: Ball 1-0: Called Strike 1-1: Fly out, F8 (Flyball, 89D)
|
Batting: RHB Pablo Álvarez
|
0-0: SINGLE (Groundball, 4) (infield hit) Ewan Manshert to second
|
Batting: RHB Pablo Ortíz
|
0-0: Ball Wild Pitch! Ewan Manshert to third Pablo Álvarez to second 1-0: Called Strike 1-1: Called Strike 1-2: Foul Ball, location: 2F 1-2: Ball 2-2: Ball 3-2: Ground out 6-3 (Groundball, 6)
|
Batting: RHB Jimmy Robinson
|
0-0: Ball 1-0: Ball 2-0: Single, Error in OF, E8, batter to second base Ewan Manshert scores Pablo Álvarez scores
|
Batting: RHB Héctor Dávila
|
0-0: Ball 1-0: Foul Ball, location: 2F 1-1: Fly out, F9 (Flyball, 9LM)
|
Bottom of the 6th over - 2 runs, 3 hits, 1 error, 1 left on base; Bellevue 7 - Hogsmeade 10 |
TOP OF THE 7TH |
Bellevue Bruins batting - Pitching for Hogsmeade Cauldrons : LHP Chet Ball
|
Batting: SHB Jin-yong Ch'oe
|
0-0: Called Strike 0-1: Called Strike 0-2: Ball 1-2: Fly out, F8 (Flyball, 8RS)
|
Batting: LHB Juan Carlos Vázquez
|
0-0: Called Strike 0-1: Swinging Strike 0-2: Foul Ball, location: 2F 0-2: Ball 1-2: Strikes out looking
|
Batting: SHB José Tirado
|
0-0: Ball 1-0: Ball 2-0: Called Strike 2-1: Called Strike 2-2: Foul Ball, location: 2F 2-2: Ground out 1-3 (Groundball, 15S)
|
Top of the 7th over - 0 runs, 0 hits, 0 errors, 0 left on base; Bellevue 7 - Hogsmeade 10 |
BOTTOM OF THE 7TH |
Hogsmeade Cauldrons batting - Pitching for Bellevue Bruins : RHP Luis Núñez
|
Batting: LHB Bartolo Trejo
|
0-0: Fly out, F8 (Line Drive, 8LD)
|
Batting: RHB Diederick Tuiters
|
0-0: Ground out 5-3 (Groundball, 56S)
|
Batting: SHB Max Bortenschlager
|
0-0: Foul Ball, location: 2F 0-1: Called Strike 0-2: Foul Ball, location: 2F 0-2: SINGLE (Line Drive, 78S)
|
Batting: LHB Ewan Manshert
|
0-0: Called Strike 0-1: Foul Ball, location: 2F 0-2: Foul Ball, location: 2F 0-2: Ball 1-2: Foul Ball, location: 2F 1-2: SINGLE (Line Drive, 9LS) Max Bortenschlager to second Runner from 2nd tries for 3rd, SAFE, no throw
|
Batting: RHB Graeme Dormer
|
0-0: Ground out 5-3 (Groundball, 56S)
|
Bottom of the 7th over - 0 runs, 2 hits, 0 errors, 2 left on base; Bellevue 7 - Hogsmeade 10 |
TOP OF THE 8TH |
Bellevue Bruins batting - Pitching for Hogsmeade Cauldrons : LHP Chet Ball
|
Batting: RHB Chris Gordon
|
0-0: Called Strike 0-1: Ball 1-1: Swinging Strike 1-2: Ball 2-2: Ground out 4-3 (Groundball, 4)
|
Batting: RHB Cody Riddle
|
0-0: SINGLE (Groundball, 4MD)
|
Pitching: RHP Jagger Rusconi
|
|
Batting: LHB Jorge Corella
|
0-0: Ball Wild Pitch! Cody Riddle to second 1-0: Ball 2-0: Foul Ball, location: 2F 2-1: Swinging Strike 2-2: Ball 3-2: Base on Balls
|
Batting: RHB Shirai Yoshida
|
0-0: Called Strike 0-1: Swinging Strike 0-2: 3-RUN HOME RUN (Flyball, 89XD), Distance : 444 ft
|
Pitching: RHP Doug Schmidt
|
|
Batting: RHB Oki Hai
|
0-0: Called Strike 0-1: Called Strike 0-2: Ball 1-2: Ball 2-2: Foul Ball, location: 2F 2-2: Ball 3-2: Ground out 5-3 (Groundball, 5S)
|
Batting: RHB Gil Andersen
|
0-0: Called Strike 0-1: Ball 1-1: Ground out 3-1 (Groundball, 34)
|
Top of the 8th over - 3 runs, 2 hits, 0 errors, 0 left on base; Bellevue 10 - Hogsmeade 10 |
BOTTOM OF THE 8TH |
Hogsmeade Cauldrons batting - Pitching for Bellevue Bruins : RHP Luis Núñez
|
Batting: RHB Pablo Álvarez
|
0-0: Called Strike 0-1: Ball 1-1: Hit by Pitch
|
Pinch Hitting: SHB Manny López
|
0-0: Sac Bunt - play at first, batter OUT! 1-4 Pablo Álvarez to second
|
Batting: RHB Jimmy Robinson
|
0-0: Intentional Walk
|
Pinch Hitting: RHB Conor Gallon
|
0-0: Grounds into double play, 6-4-3 (Groundball, 6)
|
Bottom of the 8th over - 0 runs, 0 hits, 0 errors, 1 left on base; Bellevue 10 - Hogsmeade 10 |
TOP OF THE 9TH |
Bellevue Bruins batting - Pitching for Hogsmeade Cauldrons : RHP Doug Schmidt
|
Pitching: LHP Jeffery Brock
|
|
Now at 3B: Brant Reed
|
|
Now at SS: Yasuyuki Hagi
|
|
Pinch Hitting: RHB Bob Kassell
|
0-0: Foul Ball, location: 2F 0-1: Fly out, F8 (Line Drive, 8LD)
|
Batting: LHB Juan Carlos Vázquez
|
0-0: Called Strike 0-1: Ball 1-1: Called Strike 1-2: Ball 2-2: Foul Ball, location: 2F 2-2: Strikes out looking
|
Batting: SHB José Tirado
|
0-0: Ball 1-0: Called Strike 1-1: Called Strike 1-2: Strikes out swinging
|
Top of the 9th over - 0 runs, 0 hits, 0 errors, 0 left on base; Bellevue 10 - Hogsmeade 10 |
BOTTOM OF THE 9TH |
Hogsmeade Cauldrons batting - Pitching for Bellevue Bruins : RHP Luis Núñez
|
Pitching: RHP Ron Mingo
|
|
Now in LF: Bob Kassell
|
|
Batting: LHB Bartolo Trejo
|
0-0: Ball 1-0: Foul Ball, location: 2F 1-1: Ground out 4-3 (Groundball, 4)
|
Batting: RHB Diederick Tuiters
|
0-0: Ground out 5-3 (Groundball, 56)
|
Batting: SHB Max Bortenschlager
|
0-0: Foul Ball, location: 2F 0-1: SINGLE (Line Drive, 6MD)
|
Batting: LHB Ewan Manshert
|
0-0: Foul Ball, location: 2F 0-1: Ball 1-1: Ball 2-1: Fielders Choice at 2nd, 6-4 (Groundball, 6)
|
Bottom of the 9th over - 0 runs, 1 hit, 0 errors, 1 left on base; Bellevue 10 - Hogsmeade 10 |
TOP OF THE 10TH |
Bellevue Bruins batting - Pitching for Hogsmeade Cauldrons : LHP Jeffery Brock
|
Pinch Hitting: RHB Douglas von Bittenfeld
|
0-0: Called Strike 0-1: Ball 1-1: Ball 2-1: Foul Ball, location: 2F 2-2: Ball 3-2: SINGLE (Line Drive, 6MD)
|
Batting: RHB Cody Riddle
|
0-0: Bunted foul 0-1: Sac Bunt - play at first, batter OUT! 2-4 Douglas von Bittenfeld to second
|
Batting: LHB Jorge Corella
|
0-0: Ball 1-0: Ball 2-0: Called Strike 2-1: Swinging Strike 2-2: Ball 3-2: Foul Ball, location: 2F 3-2: Base on Balls
|
Batting: RHB Shirai Yoshida
|
0-0: Ball 1-0: Swinging Strike 1-1: Ball 2-1: SINGLE (Groundball, 6MD) Douglas von Bittenfeld to third Jorge Corella to second Runner from 3rd tries for Home, SAFE, no throw
|
Batting: RHB Oki Hai
|
0-0: Called Strike Jorge Corella steals 3rd base Shirai Yoshida to second 0-1: Ball 1-1: Intentional Walk
|
Batting: RHB Gil Andersen
|
0-0: Ball 1-0: Foul Ball, location: 2F 1-1: Called Strike 1-2: Strikes out swinging
|
Batting: RHB Bob Kassell
|
0-0: Ball 1-0: Ball 2-0: Foul Ball, location: 2F 2-1: Called Strike 2-2: Ball 3-2: SINGLE (Line Drive, 56) Jorge Corella scores Shirai Yoshida to third Oki Hai to second Shirai Yoshida scores Oki Hai to third
|
Batting: LHB Juan Carlos Vázquez
|
0-0: Swinging Strike 0-1: Swinging Strike 0-2: Ball 1-2: Ball 2-2: Ball 3-2: Foul Ball, location: 2F 3-2: Strikes out looking
|
Top of the 10th over - 3 runs, 3 hits, 0 errors, 2 left on base; Bellevue 13 - Hogsmeade 10 |
BOTTOM OF THE 10TH |
Hogsmeade Cauldrons batting - Pitching for Bellevue Bruins : RHP Ron Mingo
|
Now at 2B: Douglas von Bittenfeld
|
|
Batting: RHB Graeme Dormer
|
0-0: Called Strike 0-1: Fly out, F7 (Flyball, 7LM)
|
Batting: RHB Pablo Álvarez
|
0-0: Swinging Strike 0-1: Ball 1-1: Ball 2-1: Fly out, F7 (Line Drive, 7)
|
Batting: RHB Brant Reed
|
0-0: Ball 1-0: Ball 2-0: Ball 3-0: Called Strike 3-1: Base on Balls
|
Batting: RHB Jimmy Robinson
|
0-0: Called Strike 0-1: Ball 1-1: Ball 2-1: DOUBLE (Flyball, 8LXD) Brant Reed to third
|
Batting: RHB Yasuyuki Hagi
|
0-0: Ball 1-0: Foul Ball, location: 2F 1-1: Called Strike 1-2: Ball 2-2: Ball 3-2: Foul Ball, location: 2F 3-2: Fly out, F7 (Flyball, 78S)
|
Bottom of the 10th over - 0 runs, 1 hit, 0 errors, 2 left on base; Bellevue 13 - Hogsmeade 10 |
|